 Dungeon Crawl Stone Soup version 0.31.0-9-g3a7656b989 (webtiles) character file.

Game seed: 5507976830474624695

175 qw the Skirmisher (level 5, 0/29 HPs)
             Began as a Deep Elf Hunter on Feb 2, 2024.
             Slain by an orc
             ... wielding a +0 whip
              (2 damage)
             ... on level 4 of the Dungeon.
             The game lasted 00:00:06 (1884 turns).

qw the Skirmisher (Deep Elf Hunter)                 Turns: 1884, Time: 00:00:07

Health: 0/29       AC:  5    Str: 10    XL:     5   Next: 29%
Magic:  5/7        EV: 12    Int: 14    God:
Gold:   95         SH:  0    Dex: 18    Spells: 4/4 levels left

rFire   . . .        a - +1 shortbow
rCold   . . .        (shield currently unavailable)
rNeg    . . .        c - +0 leather armour
rPois   .            (no helmet)
rElec   .            (no cloak)
rCorr   .            (no gloves)
SInv    .            l - +1 pair of boots
Will    .....        (no amulet)
Stlth   ++           (no ring)
HPRegen 0.24/turn    (no ring)
MPRegen 0.10/turn

%: no passive effects
@: no status effects
A: no striking features
a: no special abilities


You were on level 4 of the Dungeon.
You visited 1 branch of the dungeon, and saw 4 of its levels.

You collected 125 gold pieces.
You spent 30 gold pieces at shops.


   Skills:
 - Level 1.5 Fighting
 + Level 8.8 Ranged Weapons
 - Level 2.4 Dodging
 - Level 1.2 Stealth


You had 4 spell levels left.
You didn't know any spells.
Your spell library was empty.

Inventory:

Hand Weapons
 a - a +1 shortbow (weapon)
Armour
 c - a +0 leather armour (worn)
 d - a +0 ring mail
 l - a +1 pair of boots (worn)
Jewellery
 e - an amulet of regeneration
 i - a ring of ice
Wands
 b - a wand of flame (20)
Scrolls
 f - a scroll of blinking {unknown}
Potions
 g - a potion of might {unknown}
 h - 2 potions of curing
 j - a potion of berserk rage {unknown}
 k - a potion of magic {unknown}
 n - a potion of cancellation {unknown}

Dungeon Overview and Level Annotations

Branches:
Dungeon (4/15)
 Temple: D:4-7

Altars:
Xom

Shops:
D:2 !   D:3 (


Message History

The orc priest miscasts a cantrip.
A bombardier beetle comes into view.
You shoot an arrow.
The arrow hits the orc but does no damage.
The orc barely misses you. The orc closely misses you.
You shoot an arrow. The arrow barely misses the orc priest.
The orc priest hits you with a +1 antimagic hand axe.
You feel your power leaking away.
The orc hits you with a +2 flail of protection.
The orc barely misses you.
You shoot an arrow. The arrow hits the orc priest!
The orc priest is severely wounded.
The orc priest hits you with a +1 antimagic hand axe.
The orc misses you. The orc hits you with a +0 hand axe.
You shoot an arrow.
The arrow hits the orc priest but does no damage.
The orc priest is severely wounded.
The orc barely misses you. x2; The orc closely misses you.
You shoot an arrow. The arrow hits the orc priest.
You kill the orc priest!
The orc misses you. The orc hits you with a +0 hand axe.
The orc closely misses you. x2
You shoot an arrow. The arrow hits the orc.
The orc is heavily wounded.
The orc hits you but does no damage. x2; The orc barely misses you. x2
You shoot an arrow. The arrow hits the orc.
The orc is almost dead.
The orc hits you but does no damage. The orc misses you.
The orc hits you but does no damage. The orc hits you with a +0 whip.
You shoot an arrow. The arrow hits the orc!
You kill the orc!
The orc hits you with a +0 whip. The orc closely misses you.
The orc hits you with a +2 flail of protection.
You shoot an arrow. The arrow closely misses the orc.
The orc barely misses you. The orc hits you but does no damage.
The orc barely misses you.
You shoot an arrow. The arrow barely misses the orc.
The orc hits you with a +2 flail of protection.
The orc barely misses you. The orc hits you with a +0 whip.
You die...

##...........
#............
#............
#...........#
###.........##
###...........#
##............##
###...............
#o@)..............
.....$oo)>.....%..#####
.....B.......######
.......##....# ....###
....... ...# #........
... ........ .. .......


You could see a bombardier beetle and 3 orcs.

Vanquished Creatures
  A scorpion (D:4)
  A bombardier beetle (D:3)
  An orc priest (D:4)
  2 dart slugs
  A ribbon worm (D:2)
  An orc (D:4)
  6 bats
  An endoplasm (D:1)
  2 giant cockroaches (D:2)
  3 goblins
  4 hobgoblins
  4 jackals (D:1)
  4 kobolds
  5 quokkas
  2 ball pythons (D:3)
  A frilled lizard (D:2)
  A rat (D:1)
40 creatures vanquished.

Notes
Turn   | Place    | Note
-------+----------+-------------------------------------------
     0 | D:1      | qw the Deep Elf Hunter began the quest for the Orb.
     0 | D:1      | Reached XP level 1. HP: 12/12 MP: 3/3
     0 | D:1      | 0 ||| qw: Version: 0.3-a-155-g5e7d8dd
     0 | D:1      | 0 ||| qw: Game counter: 1245
     0 | D:1      | 0 ||| qw: Melee chars always use a shield: true
     0 | D:1      | 0 ||| qw: God list: Okawaru
     0 | D:1      | 0 ||| qw: Allow faded altars: false
     0 | D:1      | 0 ||| qw: Do Orc after clearing Dungeon:15 true
     0 | D:1      | 0 ||| qw: Do second Lair branch before Depths: true
     0 | D:1      | 0 ||| qw: Lair rune preference: random
     0 | D:1      | 0 ||| qw: Goals: Normal
     0 | D:1      | 0 ||| PLANNING D:1-11
   226 | D:1      | Reached XP level 2. HP: 16/16 MP: 4/4
   298 | D:1      | Reached skill level 6 in Ranged Weapons
   911 | D:1      | 911 ||| READING scroll labelled OSYUQIC YPRO.
   943 | D:1      | 943 ||| READING scroll labelled QUSE NIMNUANI.
   943 | D:1      | 943 ||| ENCHANTING +0 shortbow.
   944 | D:1      | 944 ||| READING scroll labelled XUMEUNTEDERI.
   944 | D:1      | 944 ||| ENCHANTING +0 shortbow.
   945 | D:1      | 945 ||| READING scroll labelled MIKLUO ZUDOTOCS.
   945 | D:1      | 945 ||| IDENTIFYING fuming silvery potion
   946 | D:1      | 946 ||| READING 3 scrolls labelled RUULAST HINIE.
   947 | D:1      | 947 ||| DROPPING scroll of butterflies.
   948 | D:1      | 948 ||| DROPPING 2 scrolls of poison.
   950 | D:1      | 950 ||| Stepping ~*~*~tactically~*~*~ (cloud).
   951 | D:1      | 951 ||| DRINKING potion of curing.
   951 | D:1      | 951 ||| (to cure poison)
  1107 | D:2      | Reached XP level 3. HP: 20/20 MP: 5/5
  1338 | D:2      | Found Lifaostanu's Distillery.
  1342 | D:2      | 1342 ||| SHOPLISTING 2 potions of enlightenment (100 gold,
                  | have 53).
  1342 | D:2      | 1342 ||| BUYING potion of curing (30 gold).
  1342 | D:2      | Bought a potion of curing for 30 gold pieces
  1342 | D:2      | 1342 ||| SHOPLISTING potion of enlightenment (50 gold, have
                  | 23).
  1342 | D:2      | 1342 ||| SHOPLISTING potion of heal wounds (50 gold, have
                  | 23).
  1342 | D:2      | 1342 ||| SHOPLISTING potion of resistance (100 gold, have
                  | 23).
  1464 | D:2      | Reached skill level 7 in Ranged Weapons
  1622 | D:2      | 1622 ||| UPGRADING to +0 pair of boots.
  1627 | D:2      | 1627 ||| READING scroll of enchant armour.
  1627 | D:2      | 1627 ||| ENCHANTING +0 pair of boots.
  1628 | D:2      | 1628 ||| READING scroll of identify.
  1628 | D:2      | 1628 ||| IDENTIFYING sapphire potion
  1629 | D:2      | 1629 ||| READING scroll labelled YNOCKO XAKLO.
  1633 | D:2      | 1633 ||| DRINKING 2 fizzy silvery potions.
  1634 | D:2      | 1634 ||| DROPPING potion of lignification.
  1635 | D:2      | 1635 ||| DROPPING potion of degeneration.
  1656 | D:3      | Found a shimmering altar of Xom.
  1674 | D:3      | Found Ybrifaonn's Weapon Boutique.
  1735 | D:3      | Reached XP level 4. HP: 25/25 MP: 6/6
  1744 | D:3      | You fall into a shaft and drop 1 floor!
  1753 | D:4      | Noticed a scorpion
  1755 | D:4      | 1755 ||| ZAPPING wand of flame (29) at 0,5 (scorpion;
                  | floor).
  1756 | D:4      | 1756 ||| ZAPPING wand of flame (28) at 0,4 (scorpion;
                  | floor).
  1757 | D:4      | 1757 ||| ZAPPING wand of flame (27) at 0,3 (scorpion;
                  | floor).
  1758 | D:4      | 1758 ||| ZAPPING wand of flame (26) at 0,2 (scorpion;
                  | floor).
  1759 | D:4      | 1759 ||| ZAPPING wand of flame (25) at 0,1 (scorpion;
                  | floor).
  1760 | D:4      | 1760 ||| ZAPPING wand of flame (24) at 0,1 (scorpion;
                  | floor).
  1761 | D:4      | 1761 ||| ZAPPING wand of flame (23) at 0,1 (scorpion;
                  | floor).
  1762 | D:4      | 1762 ||| ZAPPING wand of flame (22) at 0,1 (scorpion;
                  | floor).
  1763 | D:4      | 1763 ||| ZAPPING wand of flame (21) at 0,1 (scorpion;
                  | floor).
  1763 | D:4      | Killed a scorpion
  1764 | D:4      | Reached skill level 8 in Ranged Weapons
  1764 | D:4      | Reached XP level 5. HP: 16/29 MP: 7/7
  1882 | D:4      | HP: 7/29 [orc/+0 whip (5)]
  1884 | D:4      | HP: 2/29 [orc/+2 flail of protection (5)]
  1884 | D:4      | Slain by an orc

Levels and vault maps discovered:
D:1:      amcnicky_arrival_flooded_fountain, layout_loops_corners, hex_tiny
D:2:      layout_loops_ring, serial_shops, nicolae_shop_back_alley_shop
D:3:      layout_rooms, overflow_temple_1_default, serial_shops, shop,
          hellmonk_ecumenical_altar_crossroads
D:4:      layout_cave_pods, mainiacjoe_overflow_concentric_impassable

Skill      XL: |  1  2  3  4 |
---------------+-------------+-----
Ranged Weapons | 6 7 8 |  8.8
Fighting       | |  1.5
Dodging        | |  2.4
Stealth        | |  1.2

Action                     |  1- 3 |  4- 6 || total
---------------------------+-------+-------++-------
   Fire: Shortbow          |    96 |    21 ||   117
  Evoke: Wand              |       |     9 ||     9
    Use: Scroll            |     8 |       ||     8
         Potion            |     2 |       ||     2
 Armour: Leather armour    |    17 |    19 ||    36
  Dodge: Dodged            |    17 |    22 ||    39

Table legend:
 A = Non-vault XP
 B = Vault XP
 C = Vault XP percentage of total XP
 D = Non-vault monster count
 E = Vault monster count
 F = Vault count percentage of total count
                 A         B        C        D         E       F
            +---------+---------+-------+---------+---------+-------
      Total |     250 |       0 |   0.0 |      40 |       0 |   0.0
            +---------+---------+-------+---------+---------+-------
        D:1 |      32 |       0 |   0.0 |      17 |       0 |   0.0
        D:2 |      33 |       0 |   0.0 |      15 |       0 |   0.0
        D:3 |      50 |       0 |   0.0 |       3 |       0 |   0.0
        D:4 |     135 |       0 |   0.0 |       5 |       0 |   0.0
            +---------+---------+-------+---------+---------+-------
